 Dungeon Crawl Stone Soup version 0.31.0-7-gf635a9b802 (webtiles) character file.

Game seed: 7273433180795740385

263120 Xavori the Warrior (level 20, -8/143 (180) HPs)
             Began as a Djinni Chaos Knight on Jan 23, 2024.
             Was a Favourite Plaything of Xom.
             Killed from afar by a deep elf death mage (80 damage)
             ... with a bolt of negative energy
             ... on level 3 of the Elven Halls.
             The game lasted 01:18:57 (40206 turns).

Xavori the Warrior (Djinni Chaos Knight)           Turns: 40206, Time: 01:18:58

HP:   -8/143 (180)  AC: 29    Str: 21      XL:     20   Next: 82%
Gold: 381           EV: 30    Int: 22      God:    Xom [*.....] SH: 14 Dex: 19 (20)

rFire   + + +        T - +6 scimitar (flame)
rCold   x . .        m - +1 kite shield {reflect}
rNeg    . . .        l - +8 scale mail of the Abyss {Regen+}
rPois   ∞            I - +2 hat
rElec   .            G - scarf {rC+ rF+}
rCorr   .            d - +0 pair of gloves
SInv    .            (boots unavailable)
Will    +++..        x - amulet of regeneration
Stlth   ++++         L - ring of the Hare {EV+10}
HPRegen 2.03/turn    S - ring "Dakkoiso" {rF- rC- AC+4 Dex+6 Slay+5}
MPRegen 0.00/turn

%: reflection, clarity, infuse magic (-9 HP)
@: fugue, flying, studying Long Blades, heavily drained
A: sickness immunity, fire resistance 3, cold vulnerability 1, float, innate
caster, HP casting, extra vitality 1, claws 2, horns 2, iridescent scales 1,
thin skeletal structure 1, camouflage 2, clarity, clever 2, deterioration 1,
strong-willed 1, sense surroundings 1, robust 2, shaggy fur 2, strong 2, wild
magic 3, MP-powered wands, sturdy frame 1
}: 2/15 runes: decaying, serpentine
a: Renounce Religion


You were on level 3 of the Elven Halls.
You worshipped Xom.
You were a special plaything of Xom.
You visited 6 branches of the dungeon, and saw 33 of its levels.
You visited the Abyss 2 times.
You also visited: Gauntlet and Wizlab.

You collected 4989 gold pieces.
You spent 4608 gold pieces at shops.

Inventory:

Hand Weapons
 T - a +6 scimitar of flaming (weapon)
Armour
 d - a +0 pair of gloves (worn)
 l - the +8 scale mail of the Abyss (worn) {Regen+}
   (You bought it in a shop on level 2 of the Dungeon)

   Regen+:    It increases your rate of health regeneration.
 m - a +1 kite shield of reflection (worn)
 n - a +2 kite shield of cold resistance
 G - a scarf of resistance (worn)
 I - a +2 hat (worn)
 M - a +2 tower shield of protection
Jewellery
 j - the amulet "Wunwurph" {Faith rPois Str+2 Dex+5}
   (You took it off a naga warrior on level 2 of the Snake Pit)

   [amulet of faith]

   Faith:     It allows you to gain divine favour quickly.
   Str+2:     It affects your strength (+2).
   Dex+5:     It affects your dexterity (+5).
   rPois:     It protects you from poison
 s - a ring of protection from cold
 v - a ring of resist corrosion
 w - a ring of positive energy
 x - an amulet of regeneration (around neck)
 E - a +6 ring of dexterity
 L - the ring of the Hare (left hand) {EV+10}
   (You found it in a Gauntlet)

   [ring of evasion]

   EV+10:     It affects your evasion (+10).
 N - a +4 ring of slaying
 P - the ring "Acvoo" {rPois rC+ Int+6 SInv}
   (You acquired it in a Gauntlet)

   [ring of intelligence]

   Int+6:     It affects your intelligence (+6).
   rC+:       It protects you from cold.
   rPois:     It protects you from poison SInv: It lets you see invisible.
 Q - an amulet of the acrobat
 S - the ring "Dakkoiso" (right hand) {rF- rC- AC+4 Dex+6 Slay+5}
   (You found it on level 2 of the Orcish Mines)

   [ring of protection]

   AC+4:      It affects your AC (+4).
   Dex+6:     It affects your dexterity (+6).
   Slay+5:    It affects your accuracy & damage with ranged weapons and melee
   (+5).
   rF-:       It makes you vulnerable to fire.
   rC-:       It makes you vulnerable to cold.
 V - the ring "Zays Vidd" {rN+ Int+4 SInv Stlth+}
   (You found it on level 2 of the Lair of Beasts)

   [ring of see invisible]

   Int+4:     It affects your intelligence (+4).
   rN+:       It protects you from negative energy.
   SInv:      It lets you see invisible.
   Stlth+:    It makes you more stealthy.
Wands
 e - a wand of flame (62)
 u - a wand of acid (23)
 y - a wand of digging (13)
 D - a wand of roots (26)
 H - a wand of polymorph (20)
 Z - a wand of mindburst (38)
Scrolls
 a - 4 scrolls of blinking
 c - a scroll of butterflies
 f - 3 scrolls of enchant armour
 g - 4 scrolls of revelation
 h - 13 scrolls of teleportation
 k - 5 scrolls of enchant weapon
 t - 10 scrolls of fog
 F - 5 scrolls of poison
 K - 2 scrolls of silence
 R - 2 scrolls of fear
 W - a scroll of immolation
 Y - 2 scrolls of brand weapon
Potions
 b - 11 potions of heal wounds
 i - 2 potions of ambrosia
 o - 4 potions of enlightenment
 p - 15 potions of curing
 q - 4 potions of haste
 r - 10 potions of lignification
 z - 4 potions of mutation
 A - 6 potions of brilliance
 B - 6 potions of might
 C - 7 potions of berserk rage
 J - 2 potions of resistance
 O - 4 potions of cancellation
Miscellaneous
 U - a phial of floods
 X - a condenser vane


   Skills:
 + Level 15.5 Fighting
 + Level 14.9 Long Blades
 * Level 14.1 Armour
 + Level 15.4 Dodging
 - Level 12.2 Shields
 * Level 12.0 Spellcasting
 * Level 12.0 Conjurations
 * Level 12.0 Hexes
 * Level 12.0 Summonings
 * Level 12.0 Necromancy
 * Level 12.0 Translocations
 * Level 12.0 Fire Magic
 * Level 12.0 Ice Magic
 * Level 12.0 Air Magic
 * Level 12.0 Earth Magic
 * Level 12.0 Alchemy
 - Level 9.7 Evocations


You knew the following spells:

 Your Spells              Type           Power      Damage    Failure   Level
a - Magic Dart            Conj           100%       1d8       2%          1
b - Call Imp              Summ           100%       N/A       2%          2
c - Fugue of the Fallen   Necr           90%        N/A       3%          3
d - Passwall              Erth           90%        N/A       3%          3
e - Airstrike             Air            45%        2d(7-23)  6%          4
f - Iskenderun's Battles  Conj           90%        2d14      12%         5
g - Eringya's Noxious Bo  Alch           45%        4d6       36%         6
h - Enfeeble              Hex            45%        N/A       83%         7
i - Ozocubu's Refrigerat  Ice            45%        4d17      83%         7
Your spell library was empty.

Dungeon Overview and Level Annotations

Branches:
Dungeon (15/15)            Temple (0/1) D:6            Lair (5/5) D:11
  Swamp (4/4) Lair:3        Snake (4/4) Lair:2        Slime (0/5) Lair:5
    Orc (2/2) D:11            Elf (3/3) Orc:2        Vaults (0/5) D:14
 Depths (0/4) D:15         WizLab (visited)         Gauntlet (visited)

Altars:
Ashenzari
Elyvilon
Makhleb
Nemelex Xobeh
Okawaru
Trog
Wu Jian
Xom
Yredelemnul

Shops:
D:2 !![   D:4 *   D:6 :   D:12 (   D:13 ?   Orc:2 !=?[   Elf:2 ?   Snake:1 *(*
Snake:4 ?==:

Portals:
Pandemonium: Orc:2

Annotations:
D:9 1 runed translucent door
Orc:2 exclusion: oklob plant


Innate Abilities, Weirdness & Mutations

You are immune to sickness and miasma.
You are immune to poison.
Your flesh is almost immune to the effects of heat. (rF+++)
You are vulnerable to cold. (rC-)
You float through the air rather than walking.
You learn spells naturally, not from books.
Your magical power is your life essence.
You have superior vitality. (+4 MHP)
You have very sharp fingernails.
You have a pair of horns on your head.
You are partially covered in iridescent scales. (AC +2)
You have a somewhat thin skeletal structure. (Dex +2, Stealth+)
Your skin blends seamlessly with your surroundings (Stealth++).
You possess an exceptional clarity of mind.
Your mind is very acute. (Int +8, Str/Dex -2)
Your body sometimes deteriorates upon taking damage.
You are strong-willed. (Will+)
You passively map a small area around you.
You are very robust. (+20% HP)
You are covered in thick fur. (AC +2)
Your muscles are very strong. (Str +8, Int/Dex -2)
Your spells are much harder to cast, but much more powerful.
You expend health (3 HP) to strengthen your wands.
Your movements are slightly less encumbered by armour. (ER -2)


Message History

You hit the orange demon. You burn the orange demon.
You headbutt the orange demon!
You kill the orange demon!
You slice the large abomination!! You burn the large abomination!
You headbutt the large abomination!
The large abomination is almost destroyed.
You block the large abomination's attack.
You slash the large abomination! You burn the large abomination.
The wailing of the fallen reaches a fever pitch!
You destroy the large abomination!
No target in view!
There is a gateway leading out of the Abyss here.
The wailing of tortured souls fills the air!
You pass through the gate.
Welcome back to the Elven Halls!
The deep elf death mage casts a spell at you.
The bolt of negative energy misses you.
The deep elf high priest mumbles some strange prayers to its god against you.
The sphere of damnation explodes!
The damnation engulfs you!!
The deep elf death mage gestures at you while chanting.
The bolt of negative energy hits you!!!
You feel drained.
Your body deteriorates!
You feel clumsy.
The deep elf high priest whispers, "Deep inside, it's sometimes so empty."
You hear a shout! x3
The deep elf sorcerer gestures at you while chanting.
You resist with almost no effort.
The deep elf high priest utters a dark prayer and points at you.
Your life force is offered up.
You slash the deep elf high priest! You burn the deep elf high priest.
You headbutt the deep elf high priest!!
The deep elf high priest is almost dead.
The fallen lash out in pain!
The deep elf sorcerer points at you and mumbles some strange words.
The bolt of acid misses you.
The deep elf death mage gestures at you while chanting.
The bolt of negative energy hits you!!!!
You feel drained.
Ouch! That really hurt!
You die...
Xom is highly amused!

#..* #.. #.. #.###
#...##### ###.....##
##...e...##
##...PeP...## #
#.....@.....# #
#.^P.<...P..###########
#...........'.........'
#..P.e.e.P.^######## #
#...........# #
##...P.P...## #
##.......'## ##
##.....##.## ### ##.
###'#####.####.###.#


You could see a deep elf death mage (empowered), a deep elf sorcerer
(empowered), a deep elf high priest (brilliance aura) and a deep elf pyromancer
(empowered).

Vanquished Creatures
  Vashnia (Snake:2)
  Nikola (Snake:1)
  Jorgrun (Snake:3)
  2 liches (Abyss:2)
  Asterion (Elf:1)
  A quicksilver dragon (Orc:2)
  A deep elf blademaster (Elf:2)
  5 tentacled starspawn
  Frances (Swamp:1)
  Donald (Elf:1)
  A fenstrider witch (Swamp:4)
  2 deep elf sorcerers (Elf:1)
  5 nagarajas
  2 very ugly things
  An orc warlord (Orc:2)
  A broodmother (WizLab)
  A starflower (Abyss:2)
  The ghost of HilariousDeathArtist the Grappler, a journeyman TrEn of Trog (Orc:2)
  A deep elf annihilator (Elf:3)
  4 eleionomae
  5 bunyips
  A minotaur (Gauntlet)
  A lorocyproca (WizLab)
  Snorg (D:14)
  A shambling mangrove (Swamp:4)
  An entropy weaver (Gauntlet)
  Fannar (Orc:1)
  19 hydras
  2 rakshasas
  A great orb of eyes (Abyss:2)
  2 ogre magi
  An ice dragon (Lair:1)
  2 catoblepae
  A catoblepas (shapeshifter) (Lair:4)
  5 ghost crabs
  2 salamander tyrants
  2 demonspawn (Orc:2)
  4 anacondas
  A centaur warrior (D:13)
  8 alligators
  6 two-headed ogres
  Erica (Lair:1)
  11 naga warriors
  2 boulder beetles
  30 dancing weapons
  2 demonic crawlers
  7 orc high priests (Orc:2)
  6 death yaks (Lair:3)
  14 naga sharpshooters
  9 deep elf knights
  A thrashing horror (Abyss:2)
  A sun demon (Abyss:2)
  3 shock serpents
  A wretched star (Abyss:2)
  Sonja (D:10)
  2 soul eaters (D:9)
  2 fire crabs (Lair:2)
  A spectral death yak (Lair:3)
  A sixfirhy (D:9)
  4 goliath frogs
  3 skysharks
  A death drake (Swamp:4)
  2 bog bodies
  5 mana vipers
  4 spriggan druids
  10 swamp dragons
  4 naga ritualists
  A spectral hydra (Lair:3)
  8 deep elf archers
  An anaconda skeleton (Abyss:2)
  4 lindwurms
  19 deep elf zephyrmancers
  A necromancer (D:15)
  6 orc knights
  A spectral boulder beetle (Lair:3)
  A steelbarb worm (Lair:5)
  19 deep elf pyromancers
  A harpy (D:13)
  13 orc sorcerers
  A cyclops (D:14)
  10 salamanders
  5 ugly things
  3 oklob plants
  3 manticores
  A will-o-the-wisp (Swamp:3)
  A shadow dragon skeleton (Abyss:2)
  10 elephants
  14 naga magi
  A centaur zombie (D:15)
  5 meliai
  2 kobold blastminers (Orc:2)
  4 starcursed masses (WizLab)
  A guardian serpent (shapeshifter) (D:15)
  A guardian serpent (Abyss:2)
  3 smoke demons
  An apocalypse crab (Abyss:2)
  32 black mambas
  An orange demon (Abyss:2)
  9 cane toads
  A cane toad (shapeshifter) (D:14)
  2 centaur skeletons (D:15)
  A torpor snail (Lair:4)
  A minotaur zombie (Gauntlet)
  6 large abominations
  4 rime drakes
  7 komodo dragons
  2 efreet (D:15)
  An unseen horror (WizLab)
  5 yaktaurs (D:15)
  2 ice devils
  3 red devils
  5 trolls
  A hellwing (D:9)
  8 tyrant leeches
  2 hornets
  5 polar bears
  2 queen bees
  A bloated husk (Swamp:1)
  A glass eye (Elf:2)
  6 raiju
  A dream sheep (Lair:4)
  15 blink frogs
  2 jumping spiders
  3 slime creatures (D:13)
  3 water elementals
  2 air elementals (Elf:1)
  9 wyverns
  3 spriggans
  49 yaks
  A vampire (D:14)
  A ynoxinul (Orc:2)
  3 shadows
  2 fire bats (Lair:2)
  A wyvern (shapeshifter) (Elf:1)
  9 basilisks
  2 wraiths
  2 yaks (shapeshifter)
  4 fire elementals
  A hog (shapeshifter) (Abyss:2)
  A redback simulacrum (D:15)
  4 chaos spawn (Abyss:2)
  A steam dragon (D:7)
  2 redbacks (WizLab)
  17 vampire mosquitoes
  28 nagas
  13 swamp worms
  11 water moccasins
  4 swamp drakes
  32 orc warriors
  A sky beast (D:7)
  3 laughing skulls
  2 ice beasts
  3 black bears
  6 small abominations (Gauntlet)
  8 centaurs
  9 ogres
  21 wolves
  A boggart (shapeshifter) (D:9)
  A spectral rime drake (Lair:3)
  3 kobold brigands
  A lemure (D:4)
  13 bullfrogs
  A weeping skull (Abyss:2)
  3 earth elementals
  3 scorpions
  4 necrophages (Lair:2)
  10 wights
  14 killer bees
  2 howler monkeys (D:8)
  5 electric eels
  2 bombardier beetles
  A quasit (D:9)
  6 hounds
  8 jellies
  A gnoll bouda (D:7)
  28 orc priests
  2 iron imps (Abyss:2)
  13 orc wizards
  3 iguanas
  A sleepcap (D:6)
  Terence (D:2)
  Robin (D:2)
  11 gnolls
  2 adders
  A shadow imp (D:6)
  2 white imps
  5 ufetubi
  2 ribbon worms
  A dart slug (D:4)
  61 orcs
  4 bats
  15 endoplasms
  2 giant cockroaches
  12 goblins
  16 hobgoblins
  A jackal (D:2)
  3 quokkas
  3 ball pythons
  A frilled lizard (D:2)
  14 kobolds
  A kobold zombie (D:9)
  4 rats
  A butterfly (Swamp:1)
  A lurking horror (Abyss:2)
  4 starspawn tentacles
1052 creatures vanquished.

Vanquished Creatures (collateral kills)
  A nagaraja (Snake:4)
  A bunyip (Swamp:1)
  An anaconda (Snake:1)
  An alligator (Swamp:1)
  3 salamander tyrants (Snake:4)
  3 two-headed ogres
  2 naga warriors (Snake:4)
  A naga sharpshooter (Snake:4)
  A bog body (Swamp:1)
  A naga ritualist (Snake:4)
  A swamp dragon (Swamp:1)
  3 deep elf pyromancers
  Pikel (D:4)
  A deep elf zephyrmancer (Elf:2)
  2 naga magi (Snake:4)
  A hornet (Swamp:4)
  A water elemental (D:11)
  A naga (Snake:4)
  2 orc warriors
  A centaur (D:8)
  2 wights (D:8)
  A killer bee (D:10)
  A howler monkey (D:8)
  An orc priest (Orc:2)
  A hell rat (Lair:1)
  An orc wizard (D:10)
  6 orcs
  A ball python (D:4)
  A goblin (D:4)
44 creatures vanquished.

Vanquished Creatures (others)
  A reaper (WizLab)
  2 dancing weapons
  2 deep elf knights
  A deep elf archer (Elf:1)
  4 deep elf zephyrmancers
  An ugly thing (D:14)
  A salamander (Snake:4)
  A meliai (Lair:2)
  2 naga magi (Snake:4)
  A rime drake (Lair:2)
  A bloated husk (Swamp:3)
  A tyrant leech (Swamp:2)
  A swamp drake (Swamp:4)
  A laughing skull (Abyss:2)
  A small abomination (Abyss:2)
  A cerulean imp (Lair:2)
  An orc priest (D:4)
  A hound (D:11)
  2 orc wizards
  A goblin (D:2)
  8 foxfires
  9 starspawn tentacles
44 creatures vanquished.

Grand Total: 1140 creatures vanquished

Notes
Turn   | Place    | Note
-------+----------+-------------------------------------------
     0 | D:1      | Xavori the Djinni Chaos Knight began the quest for the Orb.
     0 | D:1      | Reached XP level 1. HP: 20/20 MP: 0/0
    48 | D:1      | Reached XP level 2. HP: 19/25 MP: 0/0
   285 | D:1      | Reached XP level 3. HP: 17/30 MP: 0/0
   285 | D:1      | Learned a level 1 spell: Magic Dart
   430 | D:1      | XOM: cloud trail
   937 | D:1      | XOM: divination: magic mapping
  1449 | D:1      | XOM: noise
  2047 | D:1      | XOM: silly message
  2263 | D:1      | XOM: silly message
  2399 | D:1      | XOM: silly message
  2957 | D:1      | XOM: god gift: mace {god gift}
  3502 | D:1      | XOM: divination: magic mapping
  4382 | D:1      | XOM: give mutation
  4382 | D:1      | Gained mutation: You are weak. (Str -2) [Xom's mischief]
  4596 | D:1      | XOM: summons 2 hostile demons
  4625 | D:2      | XOM: summons 3 hostile shadow creatures
  4901 | D:1      | XOM: summons 2 hostile demons
  4902 | D:1      | Noticed a rust devil
  5302 | D:1      | XOM: summons 3 hostile shadow creatures
  6361 | D:1      | XOM: summons 1 hostile shadow creature
  6570 | D:2      | XOM: scenery: summon butterflies
  6641 | D:1      | XOM: god gift: 1238 gold pieces
  6655 | D:2      | Found Ykhiasil's Armour Shoppe.
  6661 | D:2      | Bought the +8 scale mail of the Abyss {Regen+} for 612 gold
                  | pieces
  6661 | D:2      | Bought a +2 kite shield of protection for 258 gold pieces
  6695 | D:2      | Found Natiemoh's Magic Scroll Shoppe.
  6880 | D:2      | Noticed Robin
  6887 | D:2      | XOM: scenery: create altars
  6935 | D:2      | XOM: scenery: create altars
  6939 | D:2      | Killed Robin
  6940 | D:2      | Reached XP level 4. HP: 35/35 MP: 0/0
  6978 | D:2      | Found Joul's Distillery.
  6988 | D:2      | Bought a potion of heal wounds for 70 gold pieces
  6988 | D:2      | Bought a potion of enlightenment for 70 gold pieces
  6988 | D:2      | Bought a potion of curing for 42 gold pieces
  6988 | D:2      | Bought a potion of haste for 140 gold pieces
  6988 | D:2      | Bought a potion of lignification for 42 gold pieces
  7131 | D:2      | Found a faded altar of an unknown god.
  7188 | D:2      | Noticed Terence
  7195 | D:2      | Killed Terence
  7196 | D:2      | Reached skill level 1 in Shields
  7207 | D:2      | Found Tummew's Distillery.
  7211 | D:2      | Noticed Sigmund
  7217 | D:2      | Sigmund changed into Sigmund the ice beast
  7217 | D:2      | Noticed Sigmund
  7220 | D:2      | Killed Sigmund the ice beast
  7221 | D:2      | Reached skill level 1 in Spellcasting
  7221 | D:2      | Reached skill level 1 in Conjurations
  7221 | D:2      | Reached skill level 1 in Hexes
  7221 | D:2      | Reached skill level 1 in Summonings
  7221 | D:2      | Reached skill level 1 in Necromancy
  7221 | D:2      | Reached skill level 1 in Translocations
  7221 | D:2      | Reached skill level 1 in Fire Magic
  7221 | D:2      | Reached skill level 1 in Ice Magic
  7221 | D:2      | Reached skill level 1 in Air Magic
  7221 | D:2      | Reached skill level 1 in Earth Magic
  7221 | D:2      | Reached skill level 1 in Alchemy
  7221 | D:2      | Reached XP level 5. HP: 40/40 MP: 0/0
  7221 | D:2      | Learned a level 2 spell: Call Imp
  7500 | D:3      | XOM: 3-stop teleportation journey
  7527 | D:3      | Reached XP level 6. HP: 46/46 MP: 0/0
  7621 | D:3      | XOM: 1-stop teleportation journey
  7771 | D:3      | XOM: fog
  7910 | D:3      | XOM: give mutation
  7910 | D:3      | Gained mutation: Your spells are a little harder to cast,
                  | but a little more powerful. [Xom's grace]
  8644 | D:2      | Bought a potion of heal wounds for 65 gold pieces
  8693 | D:4      | Noticed a black bear
  8697 | D:4      | XOM: divine lightning
  8702 | D:4      | Killed a black bear
  8735 | D:4      | Noticed Pikel
  8738 | D:4      | XOM: summons friendly quasit
  8740 | D:4      | XOM: summons 6 friendly demons
  8742 | D:4      | XOM: enchant monster (good)
  8745 | D:4      | Killed Pikel
  8746 | D:4      | Reached skill level 5 in Long Blades
  8746 | D:4      | Reached XP level 7. HP: 52/52 MP: 0/0
  8746 | D:4      | Learned a level 3 spell: Fugue of the Fallen
  8746 | D:4      | Reached XP level 8. HP: 58/58 MP: 0/0
  9051 | D:4      | Found Measaqos's Elemental Accessories.
  9101 | D:4      | XOM: silly message
  9107 | D:4      | Found a burning altar of Makhleb.
  9306 | D:4      | XOM: divination: detect items
  9360 | D:5      | XOM: stealth player
  9360 | D:5      | Entered Level 5 of the Dungeon
  9394 | D:5      | XOM: summons 2 friendly demons
  9761 | D:5      | Reached XP level 9. HP: 63/63 MP: 0/0
  9761 | D:5      | Learned a level 3 spell: Passwall
  9789 | D:5      | XOM: give mutation
  9789 | D:5      | Lost mutation: Your spells are a little harder to cast, but
                  | a little more powerful. [Xom's mischief]
 10003 | D:6      | Found a bloodstained altar of Trog.
 10100 | D:2      | Bought a potion of berserk rage for 65 gold pieces
 10100 | D:2      | Bought a potion of might for 52 gold pieces
 10100 | D:2      | Bought a potion of curing for 39 gold pieces
 10116 | D:3      | XOM: give mutations
 10116 | D:3      | Gained mutation: You have hidden genetic potential. [Xom's
                  | grace]
 10116 | D:3      | Gained mutation: You are strong-willed. (Will+) [Xom's
                  | grace]
 10223 | D:6      | Found a staircase to the Ecumenical Temple.
 10223 | D:6      | Found Caudid's Book Shoppe.
 10223 | D:6      | XOM: 6-stop teleportation journey
 10230 | D:6      | XOM: enchant monster (bad)
 10284 | D:6      | XOM: 2-stop teleportation journey
 10306 | D:6      | an adder changed into a troll
 10306 | D:6      | Noticed a troll
 10306 | D:6      | XOM: polymorph adder -> troll
 10307 | D:6      | XOM: fog
 10310 | D:6      | Killed a troll
 10311 | D:6      | Reached skill level 5 in Shields
 10311 | D:6      | Reached skill level 1 in Evocations
 10374 | D:6      | XOM: confusion (+ monsters)
 10376 | D:6      | XOM: destruction
 10390 | D:6      | XOM: blink monster(s)
 10424 | D:6      | Reached skill level 5 in Fighting
 10434 | D:6      | Reached skill level 5 in Dodging
 10440 | D:6      | Reached XP level 10. HP: 70/70 MP: 0/0
 10520 | D:6      | XOM: stat loss: -1 Int (13/14)
 10604 | D:6      | Gained mutation: You are resistant to electric shocks.
                  | (rElec) [hidden potential]
 10695 | D:6      | XOM: summons 3 hostile shadow creatures
 10742 | D:5      | XOM: draining
 10912 | D:6      | XOM: noise
 11733 | D:7      | XOM: confuse monster(s)
 12108 | D:8      | XOM: silly message
 12111 | D:8      | XOM: swap monsters
 12220 | D:8      | Reached skill level 5 in Armour
 12286 | D:8      | XOM: give mutations
 12286 | D:8      | Gained mutation: Your body sometimes deteriorates upon
                  | taking damage. [Xom's mischief]
 12286 | D:8      | Gained mutation: You possess an exceptional clarity of
                  | mind. [Xom's mischief]
 12358 | D:8      | Noticed a two-headed ogre
 12369 | D:8      | Killed a two-headed ogre
 12370 | D:8      | Found a broken altar of Ashenzari.
 12426 | D:8      | Reached XP level 11. HP: 76/76 MP: 0/0
 12426 | D:8      | Learned a level 4 spell: Airstrike
 12428 | D:8      | XOM: give mutations
 12428 | D:8      | Lost mutation: You are weak. (Str -2) [Xom's mischief]
 12428 | D:8      | Lost mutation: You are strong-willed. (Will+) [Xom's
                  | mischief]
 12443 | D:8      | Noticed Grum
 12445 | D:8      | XOM: torment (39/76 hp)
 12458 | D:8      | Grum changed into Grum the polar bear
 12458 | D:8      | Noticed Grum
 12458 | D:8      | XOM: polymorph Grum -> Grum the polar bear
 12470 | D:8      | XOM: give mutations
 12470 | D:8      | Gained mutation: Your spells are a little harder to cast,
                  | but a little more powerful. [Xom's mischief]
 12470 | D:8      | Lost mutation: You have hidden genetic potential. [Xom's
                  | mischief]
 12476 | D:8      | XOM: smoke on damage
 12477 | D:8      | Killed Grum the polar bear
 12502 | D:8      | Found an iron altar of Okawaru.
 12676 | D:9      | Noticed a soul eater
 12702 | D:9      | XOM: potion effect (invisibility)
 12727 | D:9      | Killed a soul eater
 12728 | D:9      | Reached skill level 5 in Evocations
 12772 | D:9      | Found a white marble altar of Elyvilon.
 12783 | D:9      | XOM: 1-stop teleportation journey
 12815 | D:9      | XOM: potion effect (might)
 12821 | D:9      | Noticed a soul eater
 12839 | D:9      | XOM: potion effect (attraction)
 12919 | D:9      | Killed a soul eater
 13170 | D:9      | Found a runed translucent door.
 13172 | D:9      | Found a basalt altar of Yredelemnul.
 13201 | D:9      | Noticed a sixfirhy
 13202 | D:9      | Noticed a soul eater
 13208 | D:9      | Killed a sixfirhy
 13208 | D:9      | XOM: cast spell 'Summon Small Mammal'
 13224 | D:9      | XOM: summons friendly white imp
 13232 | D:9      | XOM: polymorph white imp -> crimson imp
 13237 | D:9      | XOM: cleaving
 13246 | D:9      | XOM: cleaving
 13249 | D:9      | XOM: summons friendly ufetubus
 13260 | D:9      | XOM: repel stairs
 13264 | D:9      | XOM: polymorph crimson imp -> white imp
 13269 | D:9      | XOM: summons 4 hostile shadow creatures
 13279 | D:9      | XOM: 1-stop teleportation journey
 13400 | D:9      | Identified the +1 ring mail of Distant Worlds {rElec Int+3}
 13444 | D:9      | an orc warrior changed into a glowing shapeshifter
 13444 | D:9      | Noticed a glowing shapeshifter (glowing shapeshifter)
 13444 | D:9      | XOM: polymorph orc warrior -> glowing shapeshifter
 13444 | D:9      | a glowing shapeshifter changed into a ribbon worm
 13462 | D:9      | Identified the +0 pair of boots of Spite {rElec Dex+2}
 13567 | D:10     | Entered Level 10 of the Dungeon
 13572 | D:10     | Noticed a two-headed ogre
 13572 | D:10     | XOM: 1-stop teleportation journey
 13573 | D:10     | XOM: summons 11 friendly demons
 13579 | D:10     | Killed a two-headed ogre
 13659 | D:10     | XOM: summons 6 hostile demons
 13686 | D:10     | XOM: blink monster(s)
 13769 | D:10     | XOM: god gift: cloak {god gift}
 13856 | D:10     | XOM: summons 7 friendly demons
 13865 | D:10     | XOM: enchant monster (good)
 13872 | D:10     | Reached XP level 12. HP: 80/84 MP: 0/0
 13892 | D:10     | XOM: smoke on damage
 14028 | D:10     | Noticed Sonja
 14028 | D:10     | XOM: confuse monster(s)
 14038 | D:10     | Killed Sonja
 14044 | D:10     | XOM: 1-stop teleportation journey
 14076 | D:10     | XOM: god gift: 8 gold pieces
 14110 | D:10     | XOM: cleaving
 14114 | D:10     | XOM: confuse monster(s)
 14129 | D:10     | Reached skill level 5 in Spellcasting
 14129 | D:10     | Reached skill level 5 in Conjurations
 14129 | D:10     | Reached skill level 5 in Hexes
 14129 | D:10     | Reached skill level 5 in Summonings
 14129 | D:10     | Reached skill level 5 in Necromancy
 14129 | D:10     | Reached skill level 5 in Translocations
 14129 | D:10     | Reached skill level 5 in Fire Magic
 14129 | D:10     | Reached skill level 5 in Ice Magic
 14129 | D:10     | Reached skill level 5 in Air Magic
 14129 | D:10     | Reached skill level 5 in Earth Magic
 14129 | D:10     | Reached skill level 5 in Alchemy
 14139 | D:10     | Found an ornate altar of the Wu Jian Council.
 14240 | D:10     | Found a sparkling altar of Nemelex Xobeh.
 14303 | D:10     | XOM: give mutations
 14303 | D:10     | Gained mutation: You have hidden genetic potential. [Xom's
                  | grace]
 14303 | D:10     | Gained mutation: You are partially covered in iridescent
                  | scales. (AC +2) [Xom's grace]
 14303 | D:10     | Gained mutation: Your skin changes colour to match your
                  | surroundings (Stealth+). [Xom's grace]
 14403 | D:11     | Noticed a two-headed ogre
 14413 | D:11     | XOM: summons friendly white imp
 14421 | D:11     | Killed a two-headed ogre
 14486 | D:11     | Found a staircase to the Lair.
 14516 | D:11     | Found a staircase to the Orcish Mines.
 14676 | D:11     | XOM: 2-stop teleportation journey
 14678 | D:11     | Noticed a two-headed ogre
 14682 | D:11     | XOM: chaos upgrade
 14693 | D:11     | Killed a two-headed ogre
 14804 | D:11     | XOM: cloud trail
 14985 | Lair:1   | Entered Level 1 of the Lair of Beasts
 15071 | Lair:1   | XOM: 3-stop teleportation journey
 15074 | Lair:1   | XOM: confuse monster(s)
 15084 | Lair:1   | XOM: swap monsters
 15182 | Lair:1   | Reached skill level 10 in Long Blades
 15185 | Lair:1   | XOM: confuse monster(s)
 15232 | Lair:1   | XOM: divination: magic mapping
 15261 | Lair:1   | Noticed Erica
 15269 | Lair:1   | XOM: give mutation
 15269 | Lair:1   | Gained mutation: You are frail. (-10% HP) [Xom's mischief]
 15276 | Lair:1   | XOM: summons 4 hostile demons
 15280 | Lair:1   | XOM: repel stairs
 15318 | Lair:1   | Killed Erica
 15596 | Lair:1   | XOM: summons 4 hostile shadow creatures
 15612 | Lair:1   | XOM: torment (39/76 hp)
 15675 | Lair:1   | XOM: give mutations
 15675 | Lair:1   | Gained mutation: You passively map a small area around you.
                  | [Xom's mischief]
 15675 | Lair:1   | Gained mutation: Your movements are slightly less
                  | encumbered by armour. (ER -2) [Xom's mischief]
 15675 | Lair:1   | Lost mutation: You passively map a small area around you.
                  | [Xom's mischief]
 15745 | Lair:1   | XOM: cleaving
 15753 | Lair:1   | Reached XP level 13. HP: 81/81 MP: 0/0
 15753 | Lair:1   | Learned a level 5 spell: Iskenderun's Battlesphere
 15755 | Lair:1   | Noticed an alligator
 15756 | Lair:1   | Noticed a six-headed hydra
 15756 | Lair:1   | Noticed a five-headed hydra
 15758 | Lair:1   | XOM: scenery: summon butterflies
 15772 | Lair:1   | XOM: cleaving
 15774 | Lair:1   | XOM: stat loss: -1 Int (14/15)
 15779 | Lair:1   | XOM: polymorph butterfly -> frilled lizard
 15781 | Lair:1   | Killed a one-headed hydra
 15782 | Lair:1   | XOM: scenery: summon butterflies
 15788 | Lair:1   | Killed an alligator
 15790 | Lair:1   | XOM: enchant monster (good)
 15791 | Lair:1   | Killed a one-headed hydra
 15855 | Lair:1   | Gained mutation: You are covered in fur. (AC +1) [hidden
                  | potential]
 15911 | Lair:1   | Noticed an anaconda
 15920 | Lair:1   | a torpor snail changed into an ice dragon
 15920 | Lair:1   | Noticed an ice dragon
 15920 | Lair:1   | XOM: polymorph torpor snail -> ice dragon
 15925 | Lair:1   | Killed an anaconda
 15925 | Lair:1   | Killed an ice dragon
 16155 | Lair:2   | Reached skill level 10 in Shields
 16164 | Lair:2   | XOM: noise
 16223 | Lair:2   | Found a staircase to the Snake Pit.
 16224 | Lair:2   | Identified the ring "Zays Vidd" {rN+ Int+4 SInv Stlth+}
 16237 | Lair:2   | XOM: chaos cloud
 16244 | Lair:2   | XOM: polymorph blink frog -> lindwurm
 16312 | Lair:2   | XOM: give mutations
 16312 | Lair:2   | Gained mutation: You are weak. (Str -2) [Xom's mischief]
 16312 | Lair:2   | Gained mutation: You have sharp fingernails. [Xom's
                  | mischief]
 16312 | Lair:2   | Lost mutation: You are resistant to electric shocks.
                  | (rElec) [Xom's mischief]
 16312 | Lair:2   | Gained mutation: Your mind is acute. (Int +4, Str/Dex -1)
                  | [Xom's mischief]
 16434 | Lair:2   | XOM: silly message
 16445 | Lair:2   | XOM: summons friendly crimson imp
 16448 | Lair:2   | XOM: fog
 16452 | Lair:2   | XOM: confuse monster(s)
 16455 | Lair:2   | XOM: confuse monster(s)
 16462 | Lair:2   | XOM: blink monster(s)
 16465 | Lair:2   | XOM: cast spell 'Fugue of the Fallen'
 16479 | Lair:2   | XOM: potion effect (brilliance)
 16502 | Lair:2   | XOM: swap monsters
 16506 | Lair:2   | XOM: stat loss: -1 Int (18/19)
 16538 | Lair:2   | XOM: noise
 16641 | Lair:2   | Found a transporter.
 16693 | Lair:2   | Found a transporter.
 16771 | Lair:2   | XOM: silly message
 16808 | Lair:2   | XOM: noise
 17116 | Lair:2   | XOM: polymorph hell hound -> efreet
 17117 | Lair:2   | XOM: summons 7 hostile demons
 17118 | Lair:2   | XOM: polymorph efreet -> cerulean imp
 17126 | Lair:2   | XOM: confuse monster(s)
 17193 | Lair:3   | XOM: enchant monster (good)
 17194 | Lair:3   | XOM: cast spell 'Disjunction'
 17223 | Lair:3   | Found a white marble altar of Elyvilon.
 17266 | Lair:3   | XOM: divination: detect items
 17282 | Lair:3   | XOM: silly message
 17289 | Lair:3   | XOM: potion effect (might)
 17295 | Lair:3   | XOM: silly message
 17298 | Lair:3   | Reached XP level 14. HP: 87/87 MP: 0/0
 17332 | Lair:3   | Gained mutation: You are resistant to electric shocks.
                  | (rElec) [hidden potential]
 17332 | Lair:3   | Lost mutation: You have hidden genetic potential. [hidden
                  | potential expressed]
 17406 | Lair:3   | XOM: divination: detect items
 17464 | Lair:3   | XOM: potion effect (invisibility)
 17466 | Lair:3   | XOM: summons friendly iron imp
 17474 | Lair:3   | XOM: fake destruction
 17481 | Lair:3   | XOM: potion effect (haste)
 17483 | Lair:3   | XOM: scenery: 1 doors open
 17677 | Lair:3   | XOM: noise
 17680 | Lair:3   | XOM: repel stairs
 17686 | Lair:3   | XOM: 2-stop teleportation journey
 17761 | Lair:3   | XOM: scenery: 1 doors open, 1 doors close
 17776 | Lair:3   | XOM: fog
 17781 | Lair:3   | XOM: 3-stop teleportation journey
 17810 | Lair:3   | Found a staircase to the Swamp.
 17815 | Lair:3   | XOM: torment (37/88 hp)
 17896 | Lair:3   | XOM: summons 1 hostile demon
 17929 | Lair:3   | XOM: give mutations
 17929 | Lair:3   | Gained mutation: Your skin blends seamlessly with your
                  | surroundings (Stealth++). [Xom's grace]
 17929 | Lair:3   | Gained mutation: You passively dampen the noise of your
                  | surroundings. [Xom's grace]
 18220 | Lair:3   | XOM: summons 1 hostile demon
 18338 | Lair:4   | XOM: silly message
 18341 | Lair:4   | XOM: noise
 18442 | Lair:4   | XOM: enchant monster (bad)
 18463 | Lair:4   | Found a gate leading to a gauntlet.
 18472 | Gauntlet | Entered a Gauntlet
 18472 | Gauntlet | Found a transporter.
 18472 | Gauntlet | Found a transporter.
 18477 | Gauntlet | Found a transporter.
 18486 | Gauntlet | Found the ring of the Hare {EV+10}
 18492 | Gauntlet | Found a transporter.
 18506 | Gauntlet | Found a transporter.
 18520 | Gauntlet | Found a transporter.
 18536 | Gauntlet | Found a transporter.
 18602 | Gauntlet | Found a transporter.
 18617 | Gauntlet | Found a transporter.
 18631 | Gauntlet | Found a transporter.
 18644 | Gauntlet | Found a transporter.
 18724 | Gauntlet | Found a transporter.
 18736 | Gauntlet | Found a transporter.
 18744 | Gauntlet | Found a transporter.
 18768 | Gauntlet | Found a transporter.
 18778 | Gauntlet | Found a transporter.
 18808 | Gauntlet | XOM: potion effect (brilliance)
 18813 | Gauntlet | XOM: confuse monster(s)
 18822 | Gauntlet | XOM: polymorph small abomination -> small abomination
 18923 | Gauntlet | XOM: cleaving
 18924 | Gauntlet | XOM: scenery: summon butterflies
 18971 | Gauntlet | XOM: scenery: create altars
 18986 | Gauntlet | XOM: confuse monster(s)
 19000 | Gauntlet | Identified a scroll of acquirement
 19001 | Gauntlet | Acquired the ring "Acvoo" {rPois rC+ Int+6 SInv}
 19021 | Gauntlet | Identified the amulet of Moptu {Acrobat Harm SInv}
 19021 | Gauntlet | Noticed a minotaur
 19028 | Gauntlet | Killed a minotaur
 19164 | Lair:4   | XOM: enchant monster (good)
 19165 | Lair:4   | XOM: confuse monster(s)
 19169 | Lair:4   | XOM: polymorph ice devil -> red devil
 19177 | Lair:4   | XOM: fake destruction
 19329 | Lair:4   | XOM: silly message
 19403 | Lair:4   | XOM: confuse monster(s)
 19513 | Lair:4   | XOM: polymorph four-headed hydra -> shapeshifter
 19532 | Lair:4   | XOM: scenery: create altars
 19557 | Lair:4   | XOM: summons friendly ufetubus
 19824 | Lair:4   | XOM: cloud trail
 19828 | Lair:4   | XOM: god gift: 4 atropa-tipped darts
 19910 | Lair:5   | Entered Level 5 of the Lair of Beasts
 19998 | Lair:4   | Reached XP level 15. HP: 93/93 MP: 0/0
 19998 | Lair:4   | Learned a level 6 spell: Eringya's Noxious Bog
 20015 | Lair:4   | XOM: enchant monster (good)
 20026 | Lair:4   | XOM: enchant monster (bad)
 20211 | Lair:5   | XOM: summons 8 hostile demons
 20290 | Lair:5   | Found a staircase to the Slime Pits.
 20484 | Lair:5   | XOM: divination: detect creatures
 20526 | Lair:5   | XOM: polymorph merfolk avatar -> steelbarb worm
 20594 | Lair:5   | XOM: divination: magic mapping
 20615 | Lair:5   | XOM: stat loss: -1 Int (24/25)
 20618 | Lair:5   | XOM: blink monster(s)
 20827 | Lair:5   | XOM: summons friendly ufetubus
 20840 | Lair:5   | XOM: confuse monster(s)
 20852 | Lair:5   | XOM: swap monsters
 21058 | Lair:5   | XOM: summons 1 hostile shadow creature
 21078 | Lair:5   | XOM: noise
 21318 | Lair:1   | XOM: god gift: 18 gold pieces
 21336 | Orc:1    | Entered Level 1 of the Orcish Mines
 21485 | Orc:1    | XOM: stat loss: -1 Str (10/12)
 21491 | Orc:1    | XOM: silly message
 21592 | Orc:1    | Noticed Fannar
 21616 | Orc:1    | XOM: 1-stop teleportation journey
 21624 | Orc:1    | Killed Fannar
 21683 | Orc:1    | XOM: noise
 21756 | Orc:1    | XOM: give mutation
 21756 | Orc:1    | Lost mutation: You are covered in fur. (AC +1) [Xom's
                  | mischief]
 22004 | Orc:2    | Entered Level 2 of the Orcish Mines
 22008 | Orc:2    | XOM: summons friendly white imp
 22019 | Orc:2    | XOM: enchant monster (good)
 22100 | Orc:2    | Noticed an orc warlord
 22125 | Orc:2    | XOM: 2-stop teleportation journey
 22131 | Orc:2    | XOM: divination: detect items
 22132 | Orc:2    | XOM: confuse monster(s)
 22134 | Orc:2    | Found a staircase to the Elven Halls.
 22159 | Orc:2    | XOM: noise
 22179 | Orc:2    | XOM: cleaving
 22182 | Orc:2    | XOM: enchant monster (good)
 22187 | Orc:2    | XOM: summons 3 friendly demons
 22189 | Orc:2    | XOM: cast spell 'Summon Mana Viper'
 22202 | Orc:2    | Killed an orc warlord
 22255 | Orc:2    | XOM: summons friendly shadow imp
 22263 | Orc:2    | XOM: cleaving
 22296 | Orc:2    | XOM: cast spell 'Fugue of the Fallen'
 22301 | Orc:2    | XOM: silly message
 22358 | Orc:2    | XOM: enchant monster (good)
 22382 | Orc:2    | XOM: potion effect (haste)
 22384 | Orc:2    | XOM: scenery: create altars
 22411 | Orc:2    | Found Hyrchack's Magic Scroll Shop.
 22416 | Orc:2    | Found Pestijes's Distillery.
 22424 | Orc:2    | Gained mutation: Your body often deteriorates upon taking
                  | damage. [a neqoxec]
 22443 | Orc:2    | XOM: potion effect (curing)
 22449 | Orc:2    | XOM: cast spell 'Olgreb's Toxic Radiance'
 22497 | Orc:2    | XOM: polymorph orc priest -> jelly
 22540 | Orc:2    | XOM: give mutations
 22540 | Orc:2    | Gained mutation: You have a pair of small horns on your
                  | head. [Xom's grace]
 22540 | Orc:2    | Gained mutation: You have very sharp fingernails. [Xom's
                  | grace]
 22540 | Orc:2    | Gained mutation: Your spells are harder to cast, but more
                  | powerful. [Xom's grace]
 22540 | Orc:2    | Gained mutation: You passively map a small area around you.
                  | [Xom's grace]
 22577 | Orc:2    | XOM: divination: detect creatures
 22585 | Orc:2    | XOM: silly message
 22594 | Orc:2    | Reached XP level 16. HP: 93/101 MP: 0/0
 22607 | Orc:2    | Bought a scroll of teleportation for 42 gold pieces
 22607 | Orc:2    | Bought a scroll of identify for 28 gold pieces
 22644 | Orc:2    | Found a runed translucent gate.
 22645 | Orc:2    | Found a runed translucent gate.
 22646 | Orc:2    | Found a runed translucent gate.
 22662 | Orc:2    | Noticed HilariousDeathArtist's ghost (journeyman TrEn)
 22728 | Orc:2    | Reached skill level 10 in Dodging
 23071 | Orc:2    | XOM: enchant monster (bad)
 23079 | Orc:2    | Reached skill level 10 in Fighting
 23088 | Orc:2    | XOM: draining
 23091 | Orc:2    | XOM: chaos cloud
 23127 | Orc:2    | Found Ishruituly's Antique Armour Shoppe.
 23127 | Orc:2    | Found Mief's Jewellery Emporium.
 23127 | Orc:2    | Found a one-way gate leading to the halls of Pandemonium.
 23133 | Orc:2    | Bought a faintly humming tower shield for 285 gold pieces
 23133 | Orc:2    | Identified the -1 tower shield of the Evening {*Slow Fly
                  | Regen+ Slay-3} (You bought it in a shop on level 2 of the
                  | Orcish Mines)
 23255 | Orc:2    | Killed HilariousDeathArtist's ghost
 23347 | Orc:2    | a minotaur changed into a quicksilver dragon
 23347 | Orc:2    | Noticed a quicksilver dragon
 23347 | Orc:2    | XOM: polymorph minotaur -> quicksilver dragon
 23351 | Orc:2    | XOM: silly message
 23354 | Orc:2    | XOM: summons 4 hostile demons
 23360 | Orc:2    | Killed a quicksilver dragon
 23394 | Orc:2    | Identified the ring "Dakkoiso" {rF- rC- AC+4 Dex+6 Slay+5}
 23467 | Orc:2    | Bought the brooch of Shielding {Spirit SH+8} for 845 gold
                  | pieces
 23467 | Orc:2    | Found the brooch of Shielding {Spirit SH+8}
 23467 | Orc:2    | XOM: summons 3 hostile shadow creatures
 23824 | D:12     | Found Ledich's Antique Weapon Shoppe.
 24402 | D:13     | XOM: swap monsters
 24418 | D:13     | Found Piakax's Magic Scroll Shoppe.
 24447 | D:13     | XOM: enchant monster (bad)
 24453 | D:13     | XOM: enchant monster (good)
 24509 | D:13     | XOM: summons 2 hostile shadow creatures
 24892 | D:13     | XOM: give mutations
 24892 | D:13     | Gained mutation: You are mostly covered in iridescent
                  | scales. (AC +4) [Xom's grace]
 24892 | D:13     | Gained mutation: You passively map the area around you.
                  | [Xom's grace]
 24892 | D:13     | Gained mutation: You expend health (3 HP) to strengthen
                  | your wands. [Xom's grace]
 24892 | D:13     | Lost mutation: You are weak. (Str -2) [Xom's grace]
 25173 | D:14     | XOM: cast spell 'Alistair's Intoxication'
 25182 | D:14     | XOM: fog
 25203 | D:14     | XOM: cloud trail
 25223 | D:14     | XOM: potion effect (haste)
 25224 | D:14     | XOM: divination: detect items
 25228 | D:14     | XOM: fog
 25252 | D:14     | XOM: scenery: create altars
 25263 | D:14     | XOM: polymorph purple ugly thing -> brown ugly thing
 25264 | D:14     | XOM: cleaving
 25268 | D:14     | XOM: divine lightning
 25299 | D:14     | XOM: give mutations
 25299 | D:14     | Gained mutation: Your spells are much harder to cast, but
                  | much more powerful. [Xom's grace]
 25299 | D:14     | Gained mutation: Your mind is very acute. (Int +8, Str/Dex
                  | -2) [Xom's grace]
 25299 | D:14     | Gained mutation: You have a pair of horns on your head.
                  | [Xom's grace]
 25299 | D:14     | Lost mutation: You are frail. (-10% HP) [Xom's grace]
 25546 | D:14     | XOM: god gift: javelin
 25569 | D:14     | XOM: polymorph electric eel -> electric eel
 25742 | D:14     | Noticed Snorg
 25751 | D:14     | XOM: give mutation
 25751 | D:14     | Lost mutation: You have a pair of horns on your head.
                  | [Xom's mischief]
 25760 | D:14     | Killed Snorg
 25760 | D:14     | XOM: smoke on damage
 25760 | D:14     | XOM: torment (59/115 hp)
 25826 | D:14     | Found a gate to the Vaults.
 25833 | D:14     | XOM: summons 6 hostile demons
 25834 | D:14     | XOM: confuse monster(s)
 25899 | D:14     | XOM: silly message
 26133 | D:14     | XOM: potion effect (invisibility)
 26145 | D:14     | XOM: silly message
 26167 | D:14     | XOM: divination: magic mapping
 26195 | D:14     | XOM: silly message
 26425 | D:15     | Entered Level 15 of the Dungeon
 26590 | D:15     | XOM: noise
 26677 | D:15     | XOM: divination: detect items
 26774 | D:15     | XOM: confuse monster(s)
 26777 | D:15     | XOM: summons friendly shadow imp
 26834 | D:15     | XOM: cast spell 'Alistair's Intoxication'
 26864 | D:15     | XOM: silly message
 26871 | D:15     | XOM: enchant monster (bad)
 26938 | D:15     | XOM: summons 6 friendly demons
 26940 | D:15     | XOM: polymorph shadow imp -> white imp
 26951 | D:15     | XOM: fake destruction
 26958 | D:15     | XOM: enchant monster (good)
 26996 | D:15     | XOM: give mutations
 26996 | D:15     | Gained mutation: Your muscles are strong. (Str +4, Int/Dex
                  | -1) [Xom's grace]
 26996 | D:15     | Gained mutation: Your muscles are very strong. (Str +8,
                  | Int/Dex -2) [Xom's grace]
 26996 | D:15     | Gained mutation: You have a pair of horns on your head.
                  | [Xom's grace]
 27093 | D:15     | XOM: swap monsters
 27141 | D:15     | XOM: noise
 27190 | D:15     | Found a staircase to the Depths.
 27202 | D:15     | XOM: summons 2 friendly demons
 27257 | D:15     | XOM: summons 4 hostile demons
 27326 | D:15     | XOM: scenery: 1 doors close
 27530 | D:15     | XOM: god gift: 7 stones
 27679 | Lair:1   | XOM: give mutation
 27679 | Lair:1   | Lost mutation: Your spells are much harder to cast, but
                  | much more powerful. [Xom's mischief]
 27701 | Snake:1  | Entered Level 1 of the Snake Pit
 27714 | Snake:1  | XOM: summons friendly ufetubus
 27730 | Snake:1  | XOM: god gift: 3 stones
 27742 | Snake:1  | XOM: summons 6 friendly demons
 27748 | Snake:1  | Reached XP level 17. HP: 121/121 MP: 0/0
 27748 | Snake:1  | Learned a level 7 spell: Enfeeble
 27845 | Snake:1  | Noticed Nikola
 27847 | Snake:1  | XOM: cast spell 'Animate Armour'
 27868 | Snake:1  | Killed Nikola
 27909 | Snake:1  | Found Momekous's General Store.
 27913 | Snake:1  | Found Azaar's Weapon Boutique.
 27914 | Snake:1  | Found Varour's Assorted Antiques.
 27931 | Snake:1  | XOM: 2-stop teleportation journey
 28032 | Snake:1  | XOM: summons friendly white imp
 28055 | Snake:1  | XOM: noise
 28163 | Snake:1  | XOM: stat loss: -1 Str (17/21)
 28281 | Snake:1  | Identified the +7 dagger of Karma {pain, rElec rPois}
 28428 | Snake:1  | XOM: draining
 28463 | Snake:2  | Noticed Vashnia
 28473 | Snake:2  | XOM: fog
 28526 | Snake:2  | XOM: chaos upgrade
 28609 | Snake:2  | XOM: 1-stop teleportation journey
 28633 | Snake:2  | XOM: polymorph naga sharpshooter -> anaconda
 28708 | Snake:2  | Identified the amulet "Wunwurph" {Faith rPois Str+2 Dex+5}
 28746 | Snake:2  | XOM: cleaving
 28757 | Snake:2  | XOM: blink monster(s)
 28786 | Snake:2  | XOM: give mutations
 28786 | Snake:2  | Lost mutation: Your body often deteriorates upon taking
                  | damage. [Xom's mischief]
 28786 | Snake:2  | Lost mutation: Your muscles are very strong. (Str +8,
                  | Int/Dex -2) [Xom's mischief]
 28786 | Snake:2  | Lost mutation: You are mostly covered in iridescent scales.
                  | (AC +4) [Xom's mischief]
 28786 | Snake:2  | Lost mutation: You passively map the area around you.
                  | [Xom's mischief]
 28827 | Snake:2  | XOM: noise
 28913 | Snake:2  | XOM: swap monsters
 28917 | Snake:2  | XOM: scenery: 1 doors open
 28931 | Snake:2  | XOM: chaos upgrade
 29010 | Snake:2  | XOM: cleaving
 29096 | Snake:2  | XOM: summons friendly quasit
 29112 | Snake:2  | XOM: enchant monster (good)
 29115 | Snake:2  | Killed Vashnia
 29268 | Snake:2  | XOM: enchant monster (good)
 29493 | Snake:2  | XOM: torment (63/123 hp)
 29588 | Snake:3  | XOM: scenery: summon butterflies
 29589 | Snake:3  | XOM: scenery: summon butterflies
 29972 | Snake:3  | XOM: polymorph mana viper -> queen bee
 29987 | Snake:3  | XOM: cast spell 'Animate Armour'
 30014 | Snake:3  | Noticed Jorgrun
 30018 | Snake:3  | XOM: 3-stop teleportation journey
 30039 | Snake:3  | Killed Jorgrun
 30040 | Snake:3  | Reached skill level 10 in Armour
 30093 | Snake:3  | XOM: god gift: potion of berserk rage
 30094 | Snake:3  | XOM: polymorph salamander -> bullfrog
 30100 | Snake:3  | XOM: destruction
 30215 | Snake:3  | XOM: give mutations
 30215 | Snake:3  | Lost mutation: You possess an exceptional clarity of mind.
                  | [Xom's mischief]
 30215 | Snake:3  | Lost mutation: Your muscles are strong. (Str +4, Int/Dex
                  | -1) [Xom's mischief]
 30215 | Snake:3  | Lost mutation: Your movements are slightly less encumbered
                  | by armour. (ER -2) [Xom's mischief]
 30239 | Snake:3  | XOM: confusion
 30247 | Snake:3  | XOM: noise
 30571 | Snake:4  | Entered Level 4 of the Snake Pit
 30578 | Snake:4  | XOM: noise
 30597 | Snake:4  | Found Qeuboaca's Jewellery Emporium.
 30599 | Snake:4  | Found Zynkash's Book Boutique.
 30600 | Snake:4  | Found Locudun's Jewellery Emporium.
 30655 | Snake:4  | XOM: divine lightning
 30657 | Snake:4  | XOM: divination: detect creatures
 30775 | Snake:4  | XOM: confuse monster(s)
 30793 | Snake:4  | Found Nosulago's Magic Scroll Shoppe.
 30796 | Snake:4  | Identified the +3 dagger "Emitz" {flame, rPois}
 30868 | Snake:4  | Reached XP level 18. HP: 131/131 MP: 0/0
 30873 | Snake:4  | XOM: summons 3 friendly demons
 30896 | Snake:4  | XOM: god gift: wand of charming (6)
 31064 | Snake:4  | XOM: scenery: create altars
 31235 | Snake:4  | XOM: divine lightning
 31248 | Snake:4  | XOM: divination: detect items
 31322 | Snake:4  | XOM: enchant monster (bad)
 31394 | Snake:4  | XOM: give mutations
 31394 | Snake:4  | Lost mutation: You are resistant to electric shocks.
                  | (rElec) [Xom's mischief]
 31394 | Snake:4  | Lost mutation: You are partially covered in iridescent
                  | scales. (AC +2) [Xom's mischief]
 31394 | Snake:4  | Lost mutation: You passively dampen the noise of your
                  | surroundings. [Xom's mischief]
 31430 | Snake:4  | XOM: silly message
 31505 | Snake:4  | XOM: noise
 31521 | Snake:4  | XOM: 2-stop teleportation journey
 31540 | Snake:4  | XOM: summons 5 friendly demons
 31555 | Snake:4  | XOM: divination: detect creatures
 31562 | Snake:4  | XOM: cast spell 'Leda's Liquefaction'
 31566 | Snake:4  | XOM: silly message
 31581 | Snake:4  | XOM: confusion
 31589 | Snake:4  | XOM: chaos upgrade
 31590 | Snake:4  | XOM: butterfly on damage
 31608 | Snake:4  | XOM: summons 10 hostile demons
 31612 | Snake:4  | Paralysed by you for 1 turns
 31620 | Snake:4  | XOM: enchant monster (good)
 31755 | Snake:4  | XOM: confuse monster(s)
 31805 | Snake:4  | XOM: cast spell 'Summon Horrible Things'
 31812 | Snake:4  | XOM: divination: detect items
 31820 | Snake:4  | XOM: enchant monster (bad)
 31830 | Snake:4  | XOM: chaos upgrade
 31941 | Snake:4  | Got a serpentine rune of Zot
 32219 | Swamp:1  | Entered Level 1 of the Swamp
 32221 | Swamp:1  | XOM: chaos cloud
 32266 | Swamp:1  | Noticed Frances
 32268 | Swamp:1  | XOM: cast spell 'Summon Dragon'
 32275 | Swamp:1  | Killed Frances
 32502 | Swamp:1  | Noticed Mlioglotl
 32502 | Swamp:1  | XOM: summons 6 hostile demons
 32572 | Swamp:1  | XOM: 1-stop teleportation journey
 32594 | Swamp:1  | XOM: confusion (+ monsters)
 32638 | Swamp:1  | XOM: 2-stop teleportation journey
 32688 | Swamp:1  | Mlioglotl changed into Mlioglotl the rakshasa
 32688 | Swamp:1  | Noticed Mlioglotl
 32688 | Swamp:1  | XOM: polymorph Mlioglotl -> Mlioglotl the rakshasa
 32696 | Swamp:1  | XOM: cast spell 'Summon Hydra'
 32697 | Swamp:1  | Killed Mlioglotl the rakshasa
 32697 | Swamp:1  | XOM: polymorph four-headed hydra -> faun
 32698 | Swamp:1  | Reached skill level 10 in Spellcasting
 32698 | Swamp:1  | Reached skill level 10 in Conjurations
 32698 | Swamp:1  | Reached skill level 10 in Hexes
 32698 | Swamp:1  | Reached skill level 10 in Summonings
 32698 | Swamp:1  | Reached skill level 10 in Necromancy
 32698 | Swamp:1  | Reached skill level 10 in Translocations
 32698 | Swamp:1  | Reached skill level 10 in Fire Magic
 32698 | Swamp:1  | Reached skill level 10 in Ice Magic
 32698 | Swamp:1  | Reached skill level 10 in Air Magic
 32698 | Swamp:1  | Reached skill level 10 in Earth Magic
 32698 | Swamp:1  | Reached skill level 10 in Alchemy
 33001 | Swamp:1  | XOM: noise
 33151 | Swamp:2  | XOM: 2-stop teleportation journey
 33334 | Swamp:2  | XOM: 2-stop teleportation journey
 33671 | Swamp:3  | XOM: stealth player
 33684 | Swamp:3  | XOM: 1-stop teleportation journey
 33691 | Swamp:3  | XOM: swap monsters
 33699 | Swamp:3  | XOM: noise
 33704 | Swamp:3  | XOM: summons friendly quasit
 33719 | Swamp:3  | XOM: summons 4 friendly demons
 33723 | Swamp:3  | XOM: chaos upgrade
 33878 | Swamp:2  | XOM: give mutation
 33878 | Swamp:2  | Gained mutation: Your muscles are strong. (Str +4, Int/Dex
                  | -1) [Xom's grace]
 34039 | Swamp:3  | Reached XP level 19. HP: 131/139 MP: 0/0
 34039 | Swamp:3  | Learned a level 7 spell: Ozocubu's Refrigeration
 34294 | Swamp:3  | XOM: god gift: plate armour {god gift}
 34305 | Swamp:3  | XOM: god gift: 27 gold pieces
 34488 | Swamp:4  | Entered Level 4 of the Swamp
 34493 | Swamp:4  | XOM: enchant monster (good)
 34501 | Swamp:4  | XOM: summons friendly quasit
 34504 | Swamp:4  | XOM: confuse monster(s)
 34513 | Swamp:4  | XOM: confuse monster(s)
 34516 | Swamp:4  | XOM: summons friendly iron imp
 34518 | Swamp:4  | XOM: 1-stop teleportation journey
 34627 | Swamp:4  | XOM: 8-stop teleportation journey
 34665 | Swamp:4  | XOM: confuse monster(s)
 34679 | Swamp:4  | XOM: divine lightning
 34683 | Swamp:4  | XOM: polymorph shambling mangrove -> oklob plant
 34705 | Swamp:4  | XOM: smoke on damage
 34729 | Swamp:4  | XOM: enchant monster (bad)
 34795 | Swamp:4  | XOM: confuse monster(s)
 34801 | Swamp:4  | XOM: potion effect (attraction)
 34802 | Swamp:4  | XOM: cast spell 'Cause Fear'
 34850 | Swamp:4  | XOM: noise
 34863 | Swamp:4  | XOM: confuse monster(s)
 34872 | Swamp:4  | XOM: confuse monster(s)
 34874 | Swamp:4  | XOM: confuse monster(s)
 34891 | Swamp:4  | XOM: confuse monster(s)
 34959 | Swamp:4  | Got a decaying rune of Zot
 35002 | Swamp:4  | XOM: enchant monster (bad)
 35058 | Swamp:4  | XOM: potion effect (heal wounds)
 35059 | Swamp:4  | XOM: polymorph lindwurm -> rime drake
 35443 | Elf:1    | Entered Level 1 of the Elven Halls
 35523 | Elf:1    | Noticed Asterion
 35533 | Elf:1    | XOM: cast spell 'Summon Small Mammal'
 35539 | Elf:1    | Killed Asterion
 35942 | Elf:1    | XOM: give mutations
 35942 | Elf:1    | Gained mutation: Your spells are much harder to cast, but
                  | much more powerful. [Xom's grace]
 35942 | Elf:1    | Gained mutation: Your movements are slightly less
                  | encumbered by armour. (ER -2) [Xom's grace]
 35942 | Elf:1    | Gained mutation: You are robust. (+10% HP) [Xom's grace]
 35952 | Elf:1    | XOM: enchant monster (good)
 35959 | Elf:1    | XOM: summons 4 friendly demons
 35970 | Elf:1    | Identified the +0 kite shield of Past Mistakes {Str-5 Dex+3
                  | Slay+3}
 35970 | Elf:1    | Noticed Donald
 35974 | Elf:1    | Found a magical portal.
 35974 | Elf:1    | XOM: enchant monster (good)
 35976 | Elf:1    | XOM: silly message
 35984 | WizLab   | Entered The Roulette of Golubria
 35984 | WizLab   | Found a transporter.
 36044 | WizLab   | Found a corrupted altar of Lugonu.
 36111 | WizLab   | Found a corrupted altar of Lugonu.
 36192 | WizLab   | Found a transporter.
 36198 | WizLab   | Found the +1 cloak of Starlight {*Dazzle EV+4 Stlth--}
 36208 | WizLab   | XOM: silly message
 36225 | WizLab   | Found a corrupted altar of Lugonu.
 36230 | WizLab   | Found a transporter.
 36263 | WizLab   | XOM: cast spell 'Fugue of the Fallen'
 36310 | WizLab   | Found a transporter.
 36310 | WizLab   | Found a transporter.
 36327 | WizLab   | XOM: noise
 36379 | WizLab   | Found a transporter.
 36385 | WizLab   | Found a transporter.
 36436 | WizLab   | Found a transporter.
 36437 | WizLab   | Found a corrupted altar of Lugonu.
 36531 | WizLab   | Found a transporter.
 36688 | WizLab   | XOM: divination: magic mapping
 36689 | WizLab   | XOM: potion effect (invisibility)
 36692 | WizLab   | XOM: divine lightning
 36693 | WizLab   | XOM: enchant monster (bad)
 36710 | Elf:1    | XOM: chaos upgrade
 36728 | Elf:1    | Killed Donald
 36728 | Elf:1    | XOM: give mutations
 36728 | Elf:1    | Lost mutation: Your muscles are strong. (Str +4, Int/Dex
                  | -1) [Xom's mischief]
 36728 | Elf:1    | Lost mutation: You expend health (3 HP) to strengthen your
                  | wands. [Xom's mischief]
 36921 | Elf:1    | XOM: divination: detect items
 36932 | Elf:1    | XOM: cleaving
 37153 | Elf:1    | XOM: torment (79/156 hp)
 37501 | Elf:2    | XOM: chaos upgrade
 37509 | Elf:2    | XOM: enchant monster (bad)
 37512 | Elf:2    | Reached skill level 15 in Fighting
 37587 | Elf:2    | XOM: 1-stop teleportation journey
 37590 | Elf:2    | Noticed a deep elf blademaster
 37594 | Elf:2    | Reached skill level 15 in Dodging
 37594 | Elf:2    | Reached XP level 20. HP: 103/163 MP: 0/0
 37600 | Elf:2    | XOM: chaos upgrade
 37757 | Elf:2    | XOM: polymorph something unseen -> glass eye
 37762 | Elf:2    | Found a runed translucent gate.
 37762 | Elf:2    | Found a runed translucent gate.
 37762 | Elf:2    | Found a runed translucent gate.
 37811 | Elf:2    | XOM: 2-stop teleportation journey
 38008 | Elf:2    | XOM: draining
 38161 | Elf:2    | XOM: scenery: 1 doors open, 2 doors close
 38233 | Elf:2    | Found Dokli's Magic Scroll Shop.
 38236 | Elf:2    | Bought a scroll of teleportation for 39 gold pieces
 38298 | Elf:2    | XOM: give mutations
 38298 | Elf:2    | Gained mutation: You possess an exceptional clarity of
                  | mind. [Xom's grace]
 38298 | Elf:2    | Gained mutation: Your muscles are strong. (Str +4, Int/Dex
                  | -1) [Xom's grace]
 38298 | Elf:2    | Gained mutation: Your flesh is almost immune to the effects
                  | of heat. (rF+++) [Xom's grace]
 38525 | D:13     | Bought a scroll of acquirement for 728 gold pieces
 38525 | D:13     | Bought a scroll of teleportation for 42 gold pieces
 38525 | D:13     | Acquired 916 gold pieces
 38747 | Snake:4  | Bought a scroll of acquirement for 1144 gold pieces
 38747 | Snake:4  | Acquired a manual of Long Blades
 38910 | D:11     | XOM: give mutation
 38910 | D:11     | Gained mutation: You expend health (3 HP) to strengthen
                  | your wands. [Xom's grace]
 38946 | Orc:2    | XOM: give mutations
 38946 | Orc:2    | Gained mutation: You are partially covered in iridescent
                  | scales. (AC +2) [Xom's grace]
 38946 | Orc:2    | Gained mutation: Your muscles are very strong. (Str +8,
                  | Int/Dex -2) [Xom's grace]
 38946 | Orc:2    | Gained mutation: You are very robust. (+20% HP) [Xom's
                  | grace]
 38946 | Orc:2    | Gained mutation: You have a somewhat thin skeletal
                  | structure. (Dex +2, Stealth+) [Xom's grace]
 38984 | Elf:2    | XOM: scenery: 2 doors open
 38988 | Elf:3    | Entered Level 3 of the Elven Halls
 38997 | Elf:3    | XOM: 6-stop teleportation journey
 39023 | Elf:3    | XOM: enchant monster (good)
 39116 | Elf:3    | XOM: enchant monster (good)
 39158 | Elf:3    | XOM: summons 2 friendly demons
 39159 | Elf:3    | XOM: scenery: 1 doors close
 39168 | Abyss:2  | Cast into level 2 of the Abyss (Xom)
 39275 | Abyss:2  | XOM: confuse monster(s)
 39284 | Abyss:2  | XOM: summons 7 friendly demons
 39360 | Abyss:2  | XOM: summons friendly ufetubus
 39390 | Abyss:2  | Found a corrupted altar of Lugonu.
 39390 | Abyss:2  | XOM: silly message
 39508 | Abyss:2  | XOM: noise
 39525 | Abyss:2  | XOM: cast spell 'Olgreb's Toxic Radiance'
 39583 | Abyss:2  | XOM: butterfly on damage
 39598 | Elf:3    | Escaped the Abyss
 39790 | Elf:3    | XOM: scenery: 1 doors close
 39905 | Elf:3    | XOM: 6-stop teleportation journey
 40062 | Elf:3    | XOM: summons 12 friendly demons
 40065 | Abyss:2  | Cast into level 2 of the Abyss (a deep elf sorcerer)
 40073 | Abyss:2  | XOM: give mutations
 40073 | Abyss:2  | Gained mutation: You are covered in fur. (AC +1) [Xom's
                  | grace]
 40073 | Abyss:2  | Gained mutation: You are strong-willed. (Will+) [Xom's
                  | grace]
 40073 | Abyss:2  | Gained mutation: You are covered in thick fur. (AC +2)
                  | [Xom's grace]
 40204 | Elf:3    | Escaped the Abyss
 40206 | Elf:3    | Killed from afar by a deep elf death mage

Illustrated notes

Levels and vault maps discovered:
D:1:      dpeg_arrival_more_subterranean_lakeside_camping, layout_loops_ring
D:2:      layout_basic, hellmonk_ecumenical_altar_leap_of_faith, serial_shops,
          nicolae_shop_industrial_runoff, shop, nicolae_shop_gibbet_a_chance,
          shop, minmay_bisected, uniq_terence, uniq_sigmund, uniq_robin
D:3:      layout_basic
D:4:      layout_gridville, mainiacjoe_overflow_boulevard, minmay_misc_feat_x,
          nicolae_elemental_shop, uniq_pikel
D:5:      layout_gridville, minmay_a_box_with_orc_wizards_in_it
D:6:      layout_layer_cave, mainiacjoe_overflow_alcove_1,
          minmay_temple_entry_nine_rooms, serial_shops, shop,
          minmay_misc_feat_tiny, minmay_quadrilaterals
D:7:      layout_gridville, the_hattery
D:8:      layout_basic, hellmonk_okawaru_the_only_friend_you_need,
          mainiacjoe_overflow_tiny_flanked, uniq_grum
D:9:      layout_gridville, mainiacjoe_overflow_alcove_2, dk_yredelemnul_ordeal,
          serial_demonic, serial_demonic_b, serial_demonic_g, serial_demonic_a,
          serial_demonic_a, kennysheep_generic_room_6
D:10:     layout_small_grid, lemuel_coloured_pillars_altar,
          mainiacjoe_overflow_small_starburst, lemuel_doored_altar,
          grunt_ministairs_4, uniq_sonja
D:11:     layout_long_grid, erik_lair_island, orc_0_dummy
D:12:     layout_loops_ring, serial_shops, shop
D:13:     layout_irregular_city, serial_shops, nicolae_diamond_shop
D:14:     wad_lake_hut, layout_basic, hellmonk_vaults_attempted_burglary,
          infiniplex_staircase_river, uniq_snorg
D:15:     grunt_enter_depths_magical_seal, layout_basic,
          grunt_decor_mini_mirrors, nicolae_fountain_basement
Lair:1:   layout_regular_city, nicolae_lair_lakeside_cave, uniq_erica
Lair:2:   gammafunk_cloud_chamber, layout_regular_city,
          guppyfry_snake_entry_garden, roderic_carrion_pond,
          minmay_lair_oklob_items, lemuel_fruit_tree
Lair:3:   layout_roguey, nicolae_swamp_entry_spooky, basic_altar, serial_rivers,
          chequers_serial_rivers_micro_b, chequers_serial_rivers_small_3,
          chequers_serial_rivers_micro_c, chequers_serial_rivers_marsh,
          chequers_serial_rivers_micro_a, infiniplex_staircase_pool_2
Lair:4:   layout_loops_ring, gauntlet_entry_generic,
          portal_ice_cave_demonic_guard, hangedman_lair_generics_rect,
          infiniplex_staircase_pool
Lair:5:   gammafunk_lair_ancient_temple, layout_long_grid,
          nicolae_slime_entry_slimehenge
Swamp:1:  layout_basic_swamp, nicolae_swamp_decorative_isthmus, swamp_pool_3,
          nicolae_swamp_little_swirl, nicolae_swamp_frolicking_bunyips,
          uniq_frances, uniq_mlioglotl
Swamp:2:  layout_basic_swamp, serial_swamp_ruin, evilmike_swamp_ruin_rubble_1,
          evilmike_swamp_ruin_house_5
Swamp:3:  layout_basic_swamp, evilmike_swamp_ruin_house_4,
          nicolae_swamp_triple_paths
Swamp:4:  swamp_alternative, layout_basic_swamp, swamp_pool_1_2
Snake:1:  layout_onion, serial_bayou_shore_b, minmay_shop_star, uniq_nikola
Snake:2:  layout_rooms, st_stairs_7, grunt_megastairs_1, uniq_vashnia
Snake:3:  layout_cave_town, nicolae_zig_zag_zippers, grunt_megastairs_4,
          uniq_jorgrun
Snake:4:  snake_pit, layout_misc_corridors, serial_shops, shop,
          minmay_shop_grove
Orc:1:    layout_diamond_mine, uniq_fannar
Orc:2:    pf_orc_diabolical, layout_caves, maelrawn_ghost_gauntlet_escape,
          basic_altar, mines3_lemuel
Elf:1:    layout_geoelf_diagonals, infiniplex_enter_wizlab_water,
          minmay_elf_annihilation, uniq_asterion, uniq_donald
Elf:2:    nicolae_elf_blades_crystal_corner, layout_geoelf_diagonals,
          serial_shops, nicolae_shop_rolled_up
Elf:3:    minmay_elf_hall_x, layout_geoelf_diagonals, amcnicky_mini_pool_small,
          corexii_leaking_fountain, grunt_megastairs_5

Skill      XL: |  1  2  3  4  5  6  7  8  9 10 11 12 13 14 15 16 17 18 19 20 |
---------------+-------------------------------------------------------------+-----
Long Blades    | 3 5 6 7 9 10 11 12 13 14 | 14.9
Shields        | 1 3 4 5 7 8 9 10 11 12 | 12.2
Spellcasting   | 1 2 3 4 5 6 7 8 9 10 11 12 | 12.0
Conjurations   | 1 2 3 4 5 6 7 8 9 10 11 12 | 12.0
Hexes          | 1 2 3 4 5 6 7 8 9 10 11 12 | 12.0
Summonings     | 1 2 3 4 5 6 7 8 9 10 11 12 | 12.0
Necromancy     | 1 2 3 4 5 6 7 8 9 10 11 12 | 12.0
Translocations | 1 2 3 4 5 6 7 8 9 10 11 12 | 12.0
Fire Magic     | 1 2 3 4 5 6 7 8 9 10 11 12 | 12.0
Ice Magic      | 1 2 3 4 5 6 7 8 9 10 11 12 | 12.0
Air Magic      | 1 2 3 4 5 6 7 8 9 10 11 12 | 12.0
Earth Magic    | 1 2 3 4 5 6 7 8 9 10 11 12 | 12.0
Alchemy        | 1 2 3 4 5 6 7 8 9 10 11 12 | 12.0
Dodging        | 3 4 5 6 7 8 9 11 12 14 15 | 15.4
Armour         | 3 4 5 6 7 8 10 11 13 14 | 14.1
Fighting       | 4 5 6 7 8 9 11 12 13 15 | 15.5
Evocations     | 2 4 6 7 8 9 |  9.7

Action                     |  1- 3 |  4- 6 |  7- 9 | 10-12 | 13-15 | 16-18 | 19-21 || total
---------------------------+-------+-------+-------+-------+-------+-------+-------++-------
  Melee: Falchion          |   134 |   141 |   242 |   341 |       |       |       ||   858
         Scimitar          |       |       |       |   460 |  1194 |  1488 |   739 ||  3881
         Demon blade       |       |       |       |   111 |   433 |    22 |       ||   566
         Headbutt          |       |       |       |       |     3 |   429 |   228 ||   660
   Cast: Call Imp          |       |       |       |     1 |       |     1 |       ||     2
         Fugue of the Fall |       |       |       |       |    11 |     3 |    11 ||    25
         Airstrike         |       |       |       |       |       |    18 |    52 ||    70
         Iskenderun's Batt |       |       |       |       |       |       |     1 ||     1
         Eringya's Noxious |       |       |       |       |       |       |     2 ||     2
  Evoke: Wand              |       |       |       |     1 |     9 |     4 |       ||    14
         Phial of floods   |       |       |       |       |       |     1 |       ||     1
         Condenser vane    |       |       |       |       |       |       |     1 ||     1
    Use: Scroll            |       |     1 |     6 |    10 |    10 |     7 |    10 ||    44
         Potion            |       |       |     1 |       |     2 |     3 |     3 ||     9
   Stab: Confused          |       |     1 |       |    14 |    10 |     6 |     9 ||    40
         Distracted        |       |       |     1 |     2 |     2 |     4 |     1 ||    10
         Petrified         |       |       |     4 |     5 |     2 |       |     3 ||    14
         Sleeping          |       |       |     2 |       |     2 |    15 |    11 ||    30
         Paralysed         |       |       |       |     1 |       |     3 |     2 ||     6
         Petrifying        |       |       |       |     1 |       |       |       ||     1
         Invisible         |       |       |       |       |       |     3 |     6 ||     9
 Armour: Leather armour    |    38 |       |       |       |       |       |       ||    38
         Scale mail        |    83 |   118 |   205 |   701 |  1100 |   560 |   296 ||  3063
  Dodge: Dodged            |    55 |    37 |    89 |   584 |  1426 |   837 |   652 ||  3680
  Block: Kite shield       |    73 |    72 |   207 |   962 |  1671 |  1198 |   502 ||  4685
         Reflection        |       |       |       |       |       |    35 |    16 ||    51
